 Dungeon Crawl Stone Soup version 0.22.1-2-g9c5b331383 (webtiles) character file.

1211 Ihlosi the Slasher (level 8, -15/91 HPs)
             Began as a Human Gladiator on Nov 23, 2018.
             Was a Follower of the Shining One.
             Demolished by Menkaure (18 damage)
             ... on level 6 of the Dungeon.
             The game lasted 00:13:47 (5155 turns).

Ihlosi the Slasher (Human Gladiator)                Turns: 5155, Time: 00:13:47

Health: -15/91     AC: 10    Str: 20    XL:     8   Next: 74%
Magic:  9/9        EV: 15    Int:  9    God:    the Shining One [*.....]
Gold:   278        SH:  0    Dex: 16    Spells: 7/7 levels left

rFire    . . .     SeeInvis +   a - +0 scimitar
rCold    . . .     Gourm    .   (no shield)
rNeg     . . .     Faith    .   b - +0 leather armour
rPois    .         Spirit   .   c - +1 helmet
rElec    .         Reflect  .   (no cloak)
rCorr    .         Harm     .   (no gloves)
MR       .....                  (no boots)
Stlth    ..........             (no amulet)
HPRegen  0.25/turn              e - +5 ring of protection
MPRegen  0.11/turn              p - ring of see invisible

@: berserking (expiring), glowing, very quick
A: no striking features
a: Renounce Religion


You were on level 6 of the Dungeon.
You worshipped the Shining One.
The Shining One was aware of your devotion.
You were not hungry.

You visited 2 branches of the dungeon, and saw 7 of its levels.

You collected 278 gold pieces.

Inventory:

Hand Weapons
 a - a +0 scimitar (weapon)
 o - a +1 long sword
 x - a +2 shortbow of freezing
Missiles
 d - 5 throwing nets (quivered)
 g - 32 arrows
 k - 61 bolts
 q - 4 javelins of penetration
Armour
 b - a +0 leather armour (worn)
 c - a +1 helmet (worn)
Jewellery
 e - a +5 ring of protection (left hand)
 p - a ring of see invisible (right hand)
 r - an uncursed ring of fire
 w - an uncursed ring of wizardry
Wands
 s - a wand of paralysis (17)
Scrolls
 i - 3 scrolls of identify
 j - a scroll of remove curse
 m - 2 scrolls of fog
 u - a scroll of magic mapping
Potions
 l - a potion of lignification
 n - a potion of resistance
 v - 2 potions of flight
Comestibles
 f - 8 rations


   Skills:
 * Level 4.8 Fighting
 - Level 6.0 Long Blades
 - Level 2.0 Throwing
 * Level 3.9 Armour
 * Level 5.6 Dodging
 - Level 2.3 Stealth
 * Level 1.7 Invocations
 * Level 0.1 Evocations


You had 7 spell levels left.
You didn't know any spells.
Your spell library contained the following spells:

 Spells                   Type           Power        Failure   Level  Hunger
 Confusing Touch          Hex            #.....       43%         1    ##.....
 Corona                   Hex            #......      43%         1    ##.....
 Slow                     Hex            #.......     56%         2    ###....
 Confuse                  Hex            #.......     80%         3    ####...
 Gell's Gravitas          Tloc           #.........   80%         3    ####...
 Inner Flame              Hex/Fire       #.......     80%         3    ####...
 Portal Projectile        Hex/Tloc       #.....       80%         3    ####...
 Cause Fear               Hex            #.........   99%         4    #####..
 Leda's Liquefaction      Hex/Erth       #.........   99%         4    #####..
 Petrify                  Tmut/Erth      #.......     99%         4    #####..
 Metabolic Englaciation   Hex/Ice        #.........   100%        5    ######.
 Yara's Violent Unravell  Hex/Tmut       #.........   100%        5    ######.


Dungeon Overview and Level Annotations

Branches:
Dungeon (6/15)             Temple (1/1) D:5

Altars:
Ashenzari
Cheibriados
Dithmenos
Elyvilon
Fedhas
Gozag
Hepliaklqana
Kikubaaqudgha
Makhleb
Nemelex Xobeh
Okawaru
Qazlal
Ru
Sif Muna
Trog
Uskayaw
Vehumet
Wu Jian
Yredelemnul
Zin
The Shining One

Annotations:
D:4 1 runed door, bananovenc's ghost, novice GrBe
D:6 Menkaure


Message History

You kill the orc!
You feel a strong urge to attack something.
The orc priest misses you.
There is a stone staircase leading up, spattered with blood here.
Things that are here:
a hand axe; an orc corpse You barely miss the orc priest.
You slash the orc priest!
The orc priest is almost dead.
The orc priest barely misses you.
You riposte.
You hit the orc priest.
You kill the orc priest!
The Shining One accepts your kill.
Menkaure calls on the powers of darkness!
Your body is wracked with pain!
* * * LOW HITPOINT WARNING * * *
You hear a shout!
You slice Menkaure!!
Menkaure is almost destroyed.
Menkaure hits you!!
You die... o. #.##.# ... #.. #.##.# #######o..o ..#.# #.##.# ......O.... #.#.# #.#.##.# .##...o...# #.#.#.# #.#.##.# .K(.K.K.... #.#.#.# #.#.##.# .##.!...#.. #.#.#.# #.#.##.# o'.........

#)#.#.# #.#.##.#
.##.....#.. #@#.#.#
#.#.##.# K##.....# .
#M..#.# #.#..#.#
.##.....#
#.###.###.#.##.#
.##.....#
#.)..........#.#
.##.....#
#..#.#####.###.#..#.#
K######
#....#.......#.#..#.#
......#
....#.###.#M#.#..#.#
......# #...#
...#.#.#..#.#
....K(##### ...#
#####.#.#..#.#


You could see Menkaure.

Vanquished Creatures
  A hornet zombie (D:6)
  An orc warrior (D:4)
  A sky beast (D:5)
  2 phantoms
  An ogre (D:5)
  A centaur zombie (D:5)
  2 crimson imps
  A jelly (D:5)
  2 orc priests
  A bullfrog skeleton (D:6)
  3 hounds (D:5)
  2 iguanas (D:4)
  A centaur skeleton (D:5)
  An orc wizard (D:4)
  2 worker ants (D:4)
  A hound skeleton (D:5)
  2 gnolls
  7 adders
  An ooze (D:3)
  3 worms (D:2)
  2 dart slugs
  5 leopard geckos
  3 orcs
  6 bats
  3 giant cockroaches
  11 goblins
  9 hobgoblins
  7 jackals
  7 kobolds
  7 quokkas
  5 frilled lizards
  A jackal skeleton (D:4)
  A jackal zombie (D:5)
  7 rats
110 creatures vanquished.

Notes
Turn   | Place    | Note
-------+----------+-------------------------------------------
     0 | D:1      | Ihlosi the Human Gladiator began the quest for the Orb.
     0 | D:1      | Reached XP level 1. HP: 16/16 MP: 1/1
   113 | D:1      | Reached XP level 2. HP: 22/22 MP: 2/2
   380 | D:1      | Reached XP level 3. HP: 27/27 MP: 3/3
   517 | D:2      | Found an opulent altar of Gozag.
   520 | D:2      | Found a white marble altar of Elyvilon.
   520 | D:2      | Found an ornate altar of the Wu Jian Council.
   545 | D:2      | Found a shattered altar of Ashenzari.
   576 | D:2      | Reached skill level 1 in Armour
   576 | D:2      | Reached skill level 1 in Stealth
   576 | D:2      | Reached XP level 4. HP: 30/34 MP: 4/4
   914 | D:2      | Reached XP level 5. HP: 29/39 MP: 5/5
  1195 | D:2      | Found an iron altar of Okawaru.
  1195 | D:2      | Found a hazy altar of Hepliaklqana.
  1596 | D:3      | Found a snail-covered altar of Cheibriados.
  2487 | D:4      | Noticed a phantom
  2515 | D:4      | Found a runed door.
  2518 | D:4      | Noticed bananovenc's ghost (novice GrBe)
  2688 | D:4      | Noticed an orc warrior
  2705 | D:4      | Killed an orc warrior
  2705 | D:4      | Reached skill level 4 in Long Blades
  2705 | D:4      | Reached XP level 6. HP: 28/47 MP: 6/6
  2993 | D:4      | Reached XP level 7. HP: 48/52 MP: 7/7
  3691 | D:5      | Entered Level 5 of the Dungeon
  3868 | D:5      | Reached skill level 5 in Long Blades
  3920 | D:5      | Reached skill level 5 in Dodging
  3996 | D:5      | Reached XP level 8. HP: 60/60 MP: 8/8
  4007 | D:5      | Found a staircase to the Ecumenical Temple.
  4046 | Temple   | Entered the Ecumenical Temple
  4104 | Temple   | Became a worshipper of the Shining One
  4126 | D:5      | Found a shadowy altar of Dithmenos.
  4593 | D:5      | Reached skill level 1 in Invocations
  4944 | D:6      | Reached skill level 6 in Long Blades
  5104 | D:6      | Noticed Menkaure
  5147 | D:6      | Reached * piety under the Shining One
  5151 | D:6      | HP: 3/91 [orc priest/divine providence (15)]
  5155 | D:6      | Demolished by Menkaure

Skill      XL: |  1  2  3  4  5  6  7  8 |
---------------+-------------------------+-----
Armour         | 1 2 3 |  3.9
Stealth        | 1 2 |  2.3
Fighting       | 3 4 |  4.8
Long Blades    | 4 5 6 |  6.0
Dodging        | 4 5 |  5.6
Invocations    | 1 |  1.7
Throwing       | |  2.0
Evocations     | |  0.1

Action                   |  1- 3 |  4- 6 |  7- 9 || total
-------------------------+-------+-------+-------++-------
Melee: Long sword        |    60 |   144 |       ||   204
       Scimitar          |       |    21 |   133 ||   154
 Fire: Shortbow          |       |     7 |     9 ||    16
  Use: Potion            |     1 |     7 |     3 ||    11
       Scroll            |       |    13 |     3 ||    16
 Stab: Sleeping          |       |     6 |     3 ||     9
  Eat: Chunk             |       |     7 |     7 ||    14
Armor: Leather armour    |    17 |    40 |    52 ||   109
       Skin              |       |     9 |     3 ||    12
Dodge: Dodged            |    56 |   130 |   126 ||   312
       Rpst.: Long sword |    18 |    32 |       ||    50
       Scimitar          |       |     6 |    43 ||    49
